 Dungeon Crawl Stone Soup version 0.27.1-33-g824d729ab1 (webtiles) character file.

Game seed: 5367258741843058149

98 Grabarz the Grave Robber (level 4, -4/36 HPs)
             Began as a Deep Dwarf Necromancer on Dec 10, 2021.
             Was an Initiate of Hepliaklqana.
             Slain by Sigmund (7 damage)
             ... on level 3 of the Dungeon on Dec 12, 2021.
             The game lasted 00:24:12 (2397 turns).

Grabarz the Grave Robber (Deep Dwarf Necromancer)   Turns: 2397, Time: 00:24:13

Health: -4/36      AC:  5    Str: 11    XL:     4   Next: 43%
Magic:  7/8        EV: 12    Int: 17    God:    Hepliaklqana [......]
Gold:   109        SH:  0    Dex: 13    Spells: 3/8 levels left

rFire    . . .     SeeInvis .   (no weapon)
rCold    . . .     Faith    .   (no shield)
rNeg     . . .     Spirit   .   a - +1 robe
rPois    .         Reflect  .   l - +2 hat
rElec    .         Harm     .   (no cloak)
rCorr    .         Rampage  .   (no gloves)
Will     +....                  (no boots)
Stlth    ++........             f - amulet of magic regeneration
HPRegen  0.00/turn              g - ring of willpower
MPRegen  0.36/turn              (no ring)

@: no status effects
A: damage resistance, heal wounds, sense surroundings 1, no regeneration
a: Heal Wounds, Renounce Religion


You were on level 3 of the Dungeon.
You worshipped Hepliaklqana.
Hepliaklqana was noncommittal.
You visited 1 branch of the dungeon, and saw 3 of its levels.

You collected 109 gold pieces.

Inventory:

Hand Weapons
 b - a +0 hunting sling
Armour
 a - a +1 robe (worn)
 l - a +2 hat (worn)
Jewellery
 f - an amulet of magic regeneration (around neck)
 g - a ring of willpower (left hand)
 i - a ring of fire
Scrolls
 d - a scroll of magic mapping
 h - a scroll of identify
 j - a scroll of blinking
 k - a scroll of fog {unknown}
Potions
 c - 4 potions of curing
 e - a potion of cancellation {unknown}


   Skills:
 - Level 2.1 Dodging
 - Level 2.4 Stealth
 * Level 2.9 Spellcasting
 * Level 5.7 Necromancy


You had 3 spell levels left.
You knew the following spells:

 Your Spells              Type           Power      Damage    Failure   Level
a - Pain                  Necr           88%        1d8       1%          1
b - Animate Skeleton      Necr           44%        N/A       1%          1
c - Vampiric Draining     Necr           11%        2d7       4%          3

Your spell library contained the following spells:

 Spells                   Type           Power      Damage    Failure   Level
 Stone Arrow              Conj/Erth      4%         3d7       47%         3
 Animate Dead             Necr           11%        N/A       17%         4
 Agony                    Necr           22%        N/A       43%         5
 Bolt of Magma            Conj/Fire/Erth 1%         4d4       99%         5
 Shatter                  Erth           1%         3d5*      100%        9


Dungeon Overview and Level Annotations

Branches:
Dungeon (3/15)

Altars:
Dithmenos
Hepliaklqana

Shops:
D:1 =

Annotations:
D:3 Sigmund


Innate Abilities, Weirdness & Mutations

You are resistant to damage.
You can heal yourself by infusing magical energy.
You passively map a small area around you.
You do not regenerate.


Message History

Sigmund casts a spell at you.
The magic dart hits you but does no damage.
There is a stone staircase leading up here.
You climb upwards.
There is a stone staircase leading down here.
You start resting.
Magic restored.
There is a stone staircase leading down here.
You climb downwards.
Level annotation: Sigmund
There is a stone staircase leading up here.
Sigmund shouts!
Aiming: Pain (safe; 1% risk of failure)
Press: ? - help, Q - select action, (/) - cycle Shift-Dir - straight line, f - Sigmund
Aim: Sigmund, wielding a +0 scythe and wearing a +0 robe (chance to affect: 87%) Sigmund writhes in agony!
Sigmund gestures wildly while chanting.
Sigmund flickers and vanishes!
Deactivating autopickup; reactivate with Ctrl-A.
There is a stone staircase leading up here.
Aiming: Pain (safe; 1% risk of failure)
Press: ? - help, Q - select action, (/) - cycle Shift-Dir - straight line Something writhes in agony.
Aiming: Pain (safe; 1% risk of failure)
Press: ? - help, Q - select action, (/) - cycle Shift-Dir - straight line Something writhes in agony.
Something hits you!
* * * LOW HITPOINT WARNING * * *
Unknown command.
A puff of flame appears from out of thin air!
The puff of flame hits you.
* * * LOW HITPOINT WARNING * * *
Aiming: Pain (safe; 1% risk of failure)
Press: ? - help, Q - select action, (/) - cycle Shift-Dir - straight line Something writhes in agony.
Aiming: Pain (safe; 1% risk of failure)
Press: ? - help, Q - select action, (/) - cycle Shift-Dir - straight line Something writhes in agony!
Something hits you!
You die...

.####.### #.........# ......<.#
#.#######.# #####.#.# #.# #.# *
..# #.#.########.#### #.# *
.####...............# #.#
..≈≈##..<...####.##.# #.#
#..≈≈######.# #.##.# #.# #. #
#...≈♣ #.# #.##.# #.# #.## #...♣♣
#.# #@##.# #.# #... #...≈♣ ###.#
#.##.####.# #..≈ #..≈≈# #...#
#.........# #..≈ ..≈≈#####.###
####.###### #..≈ .####..##.#
#.##########..≈
..........#########.....l.......≈
##.....##............########...≈
###...###.########..............≈
.....## #.# ##...........)..


There were no monsters in sight!

Vanquished Creatures
  An iguana (D:3)
  2 adders (D:2)
  A worm (D:2)
  2 dart slugs
  An orc (D:3)
  9 bats
  3 endoplasms (D:1)
  A giant cockroach (D:1)
  6 goblins
  4 hobgoblins
  4 quokkas
  4 ball pythons
  3 frilled lizards
  2 kobolds
  A rat (D:3)
44 creatures vanquished.

Vanquished Creatures (collateral kills)
  A goblin (D:2)
  A ball python (D:2)
2 creatures vanquished.

Grand Total: 46 creatures vanquished

Notes
Turn   | Place    | Note
-------+----------+-------------------------------------------
     0 | D:1      | Grabarz the Deep Dwarf Necromancer began the quest for the
                  | Orb.
     0 | D:1      | Reached XP level 1. HP: 15/15 MP: 3/3
     2 | D:1      | Learned a level 1 spell: Animate Skeleton
   232 | D:1      | Reached XP level 2. HP: 22/22 MP: 2/4
   275 | D:1      | Found Eplecosh's Jewellery Shop.
   465 | D:1      | Reached skill level 5 in Necromancy
  1092 | D:2      | Reached XP level 3. HP: 20/28 MP: 1/6
  1197 | D:2      | Learned a level 3 spell: Vampiric Draining
  1767 | D:3      | Found a shadowy altar of Dithmenos.
  2147 | D:3      | Found a hazy altar of Hepliaklqana.
  2158 | D:3      | Became a worshipper of Hepliaklqana the Forgotten
  2185 | D:3      | Noticed Sigmund
  2261 | D:2      | Reached XP level 4. HP: 13/36 MP: 0/8
  2397 | D:3      | Slain by Sigmund

Illustrated notes

Levels and vault maps discovered:
D:1:      lightli_arrival_noodles, layout_rooms, serial_shops, shop,
          minmay_misc_feat_iff
D:2:      layout_rooms, minmay_misc_feat_more_columns,
          hangedman_decor_clover_reticule
D:3:      layout_loops_ring, mainiacjoe_overflow_boulevard,
          mainiacjoe_overflow_concentric_impassable, minmay_liquid_box,
          st_stairs_14, kennysheep_nub, corexii_shack, uniq_sigmund

Skill      XL: |  1  2 |
---------------+-------+-----
Spellcasting   | 2 |  2.9
Necromancy     | 5 |  5.7
Dodging        | |  2.1
Stealth        | |  2.4

Action                   |  1- 3 |  4- 6 || total
-------------------------+-------+-------++-------
 Cast: Pain              |    80 |     6 ||    86
       Animate Skeleton  |     3 |       ||     3
       Vampiric Draining |     7 |     3 ||    10
  Use: Scroll            |     6 |       ||     6
Armor: Robe              |     6 |     1 ||     7
Dodge: Dodged            |    10 |     3 ||    13
